 Dungeon Crawl Stone Soup version 0.31.0-11-ge490571c62 (webtiles) character file.

Game seed: 18187097107050706793

981 browni3141 the Chopper (level 7, 0/63 HPs)
             Began as a Minotaur Fighter on Jan 27, 2024.
             Slain by a hornet (11 damage)
             ... on level 6 of the Dungeon.
             The game lasted 00:01:48 (2664 turns).

browni3141 the Chopper (Minotaur Fighter)           Turns: 2664, Time: 00:01:48

Health: 0/63       AC:  7    Str: 23    XL:     7   Next: 96%
Magic:  6/6        EV:  8    Int:  5    God:
Gold:   171        SH: 14    Dex:  9    Spells: 6/6 levels left

rFire   . . .        a - +0 war axe
rCold   . . .        q - +0 kite shield
rNeg    . . .        b - +0 scale mail
rPois   .            (helmet restricted)
rElec   .            (no cloak)
rCorr   .            (no gloves)
SInv    .            (no boots)
Will    .....        r - amulet of reflection Stlth
                     (no ring)
HPRegen 0.30/turn    (no ring)
MPRegen 0.10/turn

%: reflection
@: lethally poisoned (0 -> -10), slowed, very slow
A: horns 2, retaliatory headbutt
a: no special abilities


You were on level 6 of the Dungeon.
You visited 1 branch of the dungeon, and saw 6 of its levels.

You collected 171 gold pieces.

Inventory:

Hand Weapons
 a - a +0 war axe (weapon)
Missiles
 i - 6 javelins (quivered)
Armour
 b - a +0 scale mail (worn)
 c - a +0 buckler
 q - a +0 kite shield (worn)
Jewellery
 r - an amulet of reflection (around neck)
Scrolls
 f - 6 scrolls of teleportation {unknown}
 g - a scroll of revelation {unknown}
 h - a scroll of enchant armour {unknown}
 j - 3 scrolls of identify {unknown}
 k - a scroll of immolation {unknown}
 l - a scroll of torment {unknown}
 n - a scroll of summoning {unknown}
Potions
 d - a potion of lignification {unknown}
 e - a potion of curing {unknown}
 m - a potion of invisibility {unknown}
 o - a potion of berserk rage {unknown}
 p - 2 potions of resistance {unknown}


   Skills:
 + Level 6.1 Fighting
 * Level 7.4 Axes
 + Level 6.0 Armour
 + Level 6.0 Shields


You had 6 spell levels left.
You didn't know any spells.
Your spell library was empty.

Dungeon Overview and Level Annotations

Branches:
Dungeon (6/15)
 Temple: D:4-7

Altars:
Trog


Innate Abilities, Weirdness & Mutations

You have a pair of horns on your head.
You reflexively headbutt those who attack you in melee.


Message History

You block the adder's attack. The adder bites you but does no damage.
You barely miss the adder. Your headbutt misses the adder.
The adder is almost dead.
The adder bites you but does no damage.
You slash the adder!
You kill the adder!
No target in view!
No target in view!
r - an amulet of reflection You start putting on your amulet.
You continue putting on your amulet of reflection. x5
You finish putting on your amulet of reflection.
You feel a shielding aura gather around you.
r - an amulet of reflection (around neck)
You now have 171 gold pieces (gained 21).
A hornet comes into view.
The hornet buzzes angrily.
A hornet is nearby!
A hornet is nearby!
A hornet is nearby!
You block the hornet's attack.
You miss the hornet. Your headbutt misses the hornet.
You block the hornet's attack. x2
A jelly comes into view.
The jelly quivers.
You hit the hornet. Your headbutt misses the hornet.
The hornet is lightly wounded.
You block the hornet's attack. x3
You hit the hornet.
The hornet is moderately wounded.
The hornet stings you.
You feel yourself slow down. The hornet barely misses you.
You slash the hornet!
The hornet is heavily wounded.
The hornet barely misses you. You block the hornet's attack.
You barely miss the hornet.
The hornet is heavily wounded.
You block the hornet's attack. x3
You barely miss the hornet.
The hornet is heavily wounded.
You feel yourself speed up.
You block the hornet's attack. x2; The hornet stings you!
You feel yourself slow down.
You hit the hornet but do no damage.
The hornet is heavily wounded.
You feel yourself speed up.
The hornet stings you but does no damage. x2
You block the hornet's attack.
You miss the hornet.
The hornet is heavily wounded.
The hornet stings you.
You feel yourself slow down. You block the hornet's attack.
You closely miss the hornet.
The hornet is heavily wounded.
You feel yourself speed up.
The hornet stings you but does no damage.
You block the hornet's attack.
You closely miss the hornet. You headbutt the hornet.
The hornet is severely wounded.
The hornet stings you!
You feel yourself slow down. You block the hornet's attack.
You throw a javelin. The javelin misses the hornet.
The javelin pierces through the jelly.
The jelly is moderately wounded.
You feel yourself speed up.
You block the hornet's attack. x3; The hornet stings you.
You feel yourself slow down.
You throw a javelin. The javelin pierces through the hornet.
The hornet is severely wounded.
The javelin pierces through the jelly.
The jelly is heavily wounded.
The hornet stings you but does no damage.
The hornet stings you.
You feel as though you will be slow longer.
You block the hornet's attack.
You throw a javelin. The javelin closely misses the hornet.
The javelin pierces through the jelly.
The jelly is heavily wounded.
The hornet stings you but does no damage.
The hornet barely misses you. You furiously retaliate!
You headbutt the hornet!
The hornet stings you but does no damage.
The hornet barely misses you.
You throw a javelin. The javelin barely misses the hornet.
The javelin barely misses the jelly.
You feel yourself speed up. The hornet stings you.
You feel yourself slow down. You block the hornet's attack.
The hornet stings you.
You are poisoned.
You feel as though you will be slow longer.
You barely miss the hornet.
The hornet is almost dead.
You feel very sick. You block the hornet's attack. x3
You hit the hornet. Your headbutt misses the hornet.
The hornet is almost dead.
You feel sick. The hornet stings you!
You are more poisoned.
You feel as though you will be slow longer.
The hornet stings you!
You die...

### #.. #.# .......#.#
#.# #.#
......#.####.###!...#
##............@yJ....(
#..#.#...####.##.#.#.#
...<#.#.####.## ....#
##...........# .#.#
#...#.#.#....# !.#
##^...........# ##
#....#.#†#....#
####..........# .
#.#.#.#....#


You could see a hornet and a jelly.

Vanquished Creatures
  Eustachio (D:4)
  A black bear (D:5)
  2 phantoms (D:5)
  Blork the orc (D:4)
  3 wights (D:6)
  3 bombardier beetles
  2 hounds (D:4)
  2 orc priests (D:5)
  2 sleepcaps
  3 gnolls (D:5)
  4 adders
  2 dart slugs
  3 ribbon worms
  5 orcs
  2 endoplasms
  A giant cockroach (D:3)
  2 goblins (D:4)
  3 hobgoblins
  8 jackals
  A quokka (D:4)
  4 ball pythons
  A frilled lizard (D:1)
  4 kobolds
  2 rats
62 creatures vanquished.

Notes
Turn   | Place    | Note
-------+----------+-------------------------------------------
     0 | D:1      | browni3141 the Minotaur Fighter began the quest for the
                  | Orb.
     0 | D:1      | Reached XP level 1. HP: 19/19 MP: 0/0
   145 | D:2      | Reached skill level 3 in Axes
   145 | D:2      | Reached XP level 2. HP: 26/27 MP: 1/1
   239 | D:2      | Reached XP level 3. HP: 30/33 MP: 2/2
   325 | D:3      | Reached XP level 4. HP: 39/40 MP: 3/3
   516 | D:4      | Noticed Eustachio
   547 | D:4      | Killed Eustachio
   548 | D:4      | Reached skill level 4 in Axes
   548 | D:4      | Reached XP level 5. HP: 16/47 MP: 4/4
  1143 | D:4      | Reached skill level 5 in Axes
  1145 | D:4      | Reached XP level 6. HP: 50/55 MP: 5/5
  1323 | D:4      | Noticed Blork the orc
  1332 | D:4      | Killed Blork the orc
  1333 | D:4      | Reached skill level 5 in Fighting
  1333 | D:4      | Reached skill level 5 in Armour
  1333 | D:4      | Reached skill level 5 in Shields
  1519 | D:5      | Entered Level 5 of the Dungeon
  1587 | D:5      | Reached skill level 6 in Axes
  1600 | D:5      | Reached XP level 7. HP: 52/61 MP: 6/6
  2328 | D:6      | Reached skill level 7 in Axes
  2556 | D:6      | Found a bloodstained altar of Trog.
  2647 | D:6      | Noticed a hornet
  2664 | D:6      | Slain by a hornet

Illustrated notes

Levels and vault maps discovered:
D:1:      tarquinn_simple_flora_water_e, layout_basic, st_stairs_9,
          kennysheep_pointless_box, serial_bayou_pond_c, serial_park_tiny_1,
          minmay_distorted
D:2:      kb_forest_paths, layout_basic, basic_altar, serial_forest,
          infiniplex_forest_end_2, infiniplex_forest_clump_tiny,
          infiniplex_forest_clump_small, infiniplex_forest_straight_5,
          infiniplex_forest_lined_corner, infiniplex_forest_clump_small,
          infiniplex_forest_lined_ring, infiniplex_forest_lined_corner
D:3:      layout_rooms, minmay_pentomino_pile
D:4:      layout_basic, serial_corexii_hall, corexii_hall_statues_x,
          corexii_hall_statues_x, corexii_hall_statues_l,
          corexii_hall_statues_l, chequers_hall_statues_y,
          chequers_hall_statues_wall_a, uniq_blork_the_orc, uniq_eustachio
D:5:      layout_rooms
D:6:      layout_basic, mainiacjoe_overflow_alcove_1, makhleb_altar_promises_db,
          minmay_temple_entry_purple_smoke, serial_glass, glass_columns_a,
          glass_columns_b, minmay_misc_feat_enclosed, uniq_duvessa

Skill      XL: |  1  2  3  4  5  6  7 |
---------------+----------------------+-----
Axes           | 3 4 5 6 7 |  7.4
Armour         | 4 5 6 |  6.0
Fighting       | 4 5 6 |  6.1
Shields        | 4 5 6 |  6.0

Action                     |  1- 3 |  4- 6 |  7- 9 || total
---------------------------+-------+-------+-------++-------
  Melee: War axe           |    37 |    79 |    69 ||   185
         Headbutt          |     8 |    10 |    16 ||    34
  Throw: Javelin           |       |       |     4 ||     4
    Use: Potion            |       |     1 |     2 ||     3
 Armour: Scale mail        |    17 |    69 |    51 ||   137
  Dodge: Dodged            |    26 |    54 |    22 ||   102
  Block: Buckler           |     7 |    26 |    11 ||    44
         Kite shield       |       |       |    29 ||    29
